 Dungeon Crawl Stone Soup version 0.27-a0-1060-gcb85b5eba1 (webtiles) character file.

Game seed: 4807085252318380053

597 tardwrangler69 the Digger (level 7, 0/41 HPs)
             Began as an Octopode Earth Elementalist on Apr 21, 2021.
             Slain by an ice beast (9 damage)
             ... on level 5 of the Dungeon.
             The game lasted 00:03:45 (4754 turns).

tardwrangler69 the Digger (OpEE)                    Turns: 4754, Time: 00:03:46

Health: 0/41       AC:  1    Str:  8    XL:     7   Next: 40%
Magic:  4/13       EV: 13    Int: 19    God:
Gold:   263        SH:  0    Dex: 12    Spells: 5/14 levels left

rFire    . . .     SeeInvis .   e - +1 dagger (venom)
rCold    . . .     Faith    .   (no shield)
rNeg     . . .     Spirit   .   (helmet restricted)
rPois    +         Reflect  .   (no amulet)
rElec    .         Harm     .   l - ring of poison resistance
rCorr    .         Rampage  .   (no ring)
Will     .....                  (no ring)
Stlth    +++.......             (no ring)
HPRegen  0.13/turn              (no ring)
MPRegen  0.13/turn              (no ring)
                                (no ring)
                                (no ring)

@: no status effects
A: almost no armour, amphibious, 8 rings, camouflage 1, gelatinous body 1,
(nimble swimmer 1), tentacles
a: no special abilities


You were on level 5 of the Dungeon.
You visited 2 branches of the dungeon, and saw 6 of its levels.

You collected 263 gold pieces.

Inventory:

Hand Weapons
 e - a +1 dagger of venom (weapon)
Missiles
 b - 54 stones
 w - 2 throwing nets
Jewellery
 l - a ring of poison resistance (left tentacle)
Wands
 i - a wand of flame (15)
 s - a wand of polymorph (9)
Scrolls
 c - 6 scrolls of identify {unknown}
 d - a scroll of fear {unknown}
 f - a scroll of noise {unknown}
 g - a scroll of enchant armour {unknown}
 h - a scroll of fog {unknown}
 m - 3 scrolls of enchant weapon {unknown}
 n - a scroll of teleportation {unknown}
 o - a scroll of blinking {unknown}
 r - a scroll of amnesia {unknown}
 t - a scroll of brand weapon {unknown}
Potions
 a - a potion of attraction {unknown}
 j - a potion of mutation {unknown}
 k - 2 potions of curing {unknown}
 p - a potion of magic {unknown}
 q - a potion of invisibility {unknown}
 u - a potion of might {unknown}
 v - 2 potions of heal wounds {unknown}


   Skills:
 - Level 2.0 Dodging
 - Level 2.6 Stealth
 + Level 4.4 Spellcasting
 - Level 1.0 Transmutations
 * Level 7.0 Earth Magic


You had 5 spell levels left.
You knew the following spells:

 Your Spells              Type           Power      Damage    Failure   Level
a - Sandblast             Erth           62%        2d14      1%          1
b - Stone Arrow           Conj/Erth      34%        3d9       10%         3
c - Lee's Rapid Deconstr  Erth           15%        3d11*     21%         5

Your spell library contained the following spells:

 Spells                   Type           Power      Damage    Failure   Level
 Passwall                 Tmut/Erth      15%        N/A       3%          2
 Magic Dart               Conj           16%        1d3       13%         1
 Searing Ray              Conj           8%         3d3       21%         2
 Petrify                  Tmut/Erth      19%        N/A       26%         4
 Dazzling Flash           Conj/Hex       8%         N/A       36%         3
 Fulminant Prism          Conj/Hex       2%         3d6       78%         4
 Iskenderun's Mystic Bla  Conj/Tloc      4%         2d3       78%         4


Dungeon Overview and Level Annotations

Branches:
Dungeon (5/15)             Temple (1/1) D:4

Altars:
Ashenzari
Cheibriados
Dithmenos
Elyvilon
Fedhas
Hepliaklqana
Makhleb
Nemelex Xobeh
Okawaru
Qazlal
Ru
Sif Muna
Trog
Uskayaw
Vehumet
Wu Jian
Xom
Yredelemnul
The Shining One

Annotations:
D:4 3 runed translucent doors, porpoise's ghost, amateur DjVM


Innate Abilities, Weirdness & Mutations

You cannot wear most types of armour.
You are amphibious.
You can wear up to eight rings at the same time.
Your skin changes colour to match your surroundings (Stealth+).
Your rubbery body absorbs attacks. (AC +1, EV +1)
((You are camouflaged near water. (Stealth+)))
You have tentacles for arms and can constrict up to eight enemies at once.


Message History

Press: ? - help, Shift-Dir - straight line, f/p - ice beast
Aim: an ice beast (moderately wounded, 82% to hit)
The blast of sand hits the ice beast but does no damage.
The ice beast is moderately wounded.
The ice beast closely misses you.
Casting: Sandblast (safe; 1% risk of failure)
Confirm with . or Enter, or press ? or * to list all spells.
Aiming: Sandblast (safe; 1% risk of failure)
Press: ? - help, Shift-Dir - straight line, f/p - ice beast
Aim: an ice beast (moderately wounded, 82% to hit)
The blast of sand hits the ice beast but does no damage.
The ice beast is moderately wounded.
The ice beast hits you. The ice beast freezes you!
Casting: Sandblast (safe; 1% risk of failure)
Confirm with . or Enter, or press ? or * to list all spells.
Aiming: Sandblast (safe; 1% risk of failure)
Press: ? - help, Shift-Dir - straight line, f/p - ice beast
Aim: an ice beast (moderately wounded, 82% to hit)
The blast of sand hits the ice beast.
The ice beast is heavily wounded.
The ice beast hits you. The ice beast freezes you!
Casting: Sandblast (safe; 1% risk of failure)
Confirm with . or Enter, or press ? or * to list all spells.
Aiming: Sandblast (safe; 1% risk of failure)
Press: ? - help, Shift-Dir - straight line, f/p - ice beast
Aim: an ice beast (heavily wounded, 82% to hit)
The blast of sand hits the ice beast.
The ice beast is severely wounded.
The ice beast barely misses you.
Casting: Sandblast (safe; 1% risk of failure)
Confirm with . or Enter, or press ? or * to list all spells.
Aiming: Sandblast (safe; 1% risk of failure)
Press: ? - help, Shift-Dir - straight line, f/p - ice beast
Aim: an ice beast (severely wounded, 82% to hit)
The blast of sand hits the ice beast but does no damage.
The ice beast is severely wounded.
The ice beast hits you.
* * * LOW HITPOINT WARNING * * *
The ice beast freezes you!
You die...

#########
#.Y.....# #@#
######.#####.#
#.............
#.####.#####.#
#.# #.# #.#
#.. #.# ####
###.####
#......#
#########


You could see an ice beast.

Vanquished Creatures
  Sigmund (D:2)
  A scorpion (D:4)
  2 orc priests (D:4)
  A bullfrog skeleton (D:5)
  2 hounds
  A centaur zombie (D:5)
  An iguana (D:4)
  2 orc wizards
  A howler monkey zombie (D:5)
  3 adders
  An ufetubus (D:3)
  5 worms
  4 dart slugs
  4 orcs
  A bat (D:2)
  8 endoplasms
  2 giant cockroaches
  4 goblins
  2 hobgoblins
  3 jackals (D:1)
  3 quokkas
  A ball python (D:1)
  A frilled lizard (D:2)
  6 kobolds
  22 rats
82 creatures vanquished.

Vanquished Creatures (others)
  A fungus (D:4)
  3 plants (D:4)
4 creatures vanquished.

Grand Total: 86 creatures vanquished

Notes
Turn   | Place    | Note
-------+----------+-------------------------------------------
     0 | D:1      | tardwrangler69 the Octopode Earth Elementalist began the
                  | quest for the Orb.
     0 | D:1      | Reached XP level 1. HP: 11/11 MP: 3/3
    79 | D:1      | Reached XP level 2. HP: 17/17 MP: 0/5
   774 | D:1      | Found a faded altar of an unknown god.
   879 | D:1      | Reached XP level 3. HP: 11/21 MP: 1/6
  1306 | D:2      | Noticed Sigmund
  1314 | D:2      | Killed Sigmund
  1315 | D:2      | Reached skill level 5 in Earth Magic
  1315 | D:2      | Reached XP level 4. HP: 23/27 MP: 1/9
  1315 | D:2      | Reached XP level 5. HP: 26/31 MP: 1/10
  2288 | D:3      | Reached XP level 6. HP: 33/36 MP: 11/11
  2317 | D:3      | Found an iron altar of Okawaru.
  3181 | D:4      | Found a staircase to the Ecumenical Temple.
  3194 | Temple   | Entered the Ecumenical Temple
  3491 | D:4      | Reached skill level 6 in Earth Magic
  3895 | D:4      | Reached XP level 7. HP: 39/41 MP: 5/13
  3991 | D:4      | Found a runed translucent gate.
  3991 | D:4      | Found a runed translucent gate.
  3991 | D:4      | Found a runed translucent gate.
  3993 | D:4      | Noticed porpoise's ghost (amateur DjVM)
  4359 | D:5      | Entered Level 5 of the Dungeon
  4369 | D:5      | Learned a level 3 spell: Stone Arrow
  4375 | D:5      | Learned a level 5 spell: Lee's Rapid Deconstruction
  4685 | D:5      | Reached skill level 7 in Earth Magic
  4754 | D:5      | Slain by an ice beast

Illustrated notes

Levels and vault maps discovered:
D:1:      tarquinn_simple_flora_water_e, layout_loops_ring,
          ebering_ecumenical_altar_rust, minmay_misc_feat_chi,
          skrybe_limestone_x
D:2:      layout_loops_cross, serial_rivers, chequers_serial_rivers_micro_b,
          chequers_serial_rivers_micro_a, chequers_serial_rivers_large_a,
          chequers_serial_rivers_small_3, chequers_serial_rivers_marsh,
          kennysheep_generic_room_9, uniq_sigmund
D:3:      layout_rooms, okawaru_gym_becter
D:4:      layout_basic, minmay_temple_entry_purple_smoke,
          gammafunk_ghost_nasty_kobolds, minmay_rat_hole
D:5:      layout_loops_cross, lemuel_round_altar
Temple:   compressed_dpeg_circular_temple

Skill      XL: |  1  2  3  4  5  6  7 |
---------------+----------------------+-----
Spellcasting   | 3 4 |  4.4
Earth Magic    | 5 6 7 |  7.0
Dodging        | |  2.0
Stealth        | |  2.6
Transmutations | |  1.0

Action                   |  1- 3 |  4- 6 |  7- 9 || total
-------------------------+-------+-------+-------++-------
Melee: Dagger            |    28 |    48 |    46 ||   122
       Unarmed           |     6 |       |       ||     6
       Tentacles         |     5 |     8 |     4 ||    17
       Constrict         |     4 |    13 |    12 ||    29
 Cast: Sandblast         |    16 |    33 |    25 ||    74
 Stab: Sleeping          |     3 |    10 |     4 ||    17
Armor: Skin              |     2 |     2 |     1 ||     5
Dodge: Dodged            |    25 |    24 |    40 ||    89

Table legend: (Time is in decaauts)
 A = Elapsed time spent in this place.
 B = Non-inter-level travel time spent in this place.
 C = Inter-level travel time spent in this place.
 D = Time resting spent in this place.
 E = Time spent auto-exploring this place.
 F = Levels seen in this place.
 G = Mean time per level.
                   A        B        C        D        E       F      G
               +--------+--------+--------+--------+--------+-----+--------+
         Total |   4751 |   4549 |    202 |     10 |   3988 |   6 |  791.8 |
       Dungeon |   4603 |   4439 |    164 |     10 |   3878 |   5 |  920.6 |
        Temple |    148 |    110 |     38 |      0 |    110 |   1 |  148.0 |
               +--------+--------+--------+--------+--------+-----+--------+

Top non-repeatable levels by time:
     D:1: 1242 daAuts
     D:4: 1132 daAuts
     D:2: 1034 daAuts
     D:3: 799 daAuts
     D:5: 394 daAuts
  Temple: 148 daAuts
